 Dungeon Crawl Stone Soup version 0.29-a0-284-gf9362112df (webtiles) character file.

Game seed: 8190421349303361614

8810 rabbitsville the Spear-Bearer (level 11, -20/95 HPs)
             Began as a Merfolk Gladiator on Mar 16, 2022.
             Was a Believer of the Shining One.
             Killed from afar by a fire dragon (50 damage)
             ... with a blast of flame
             ... on level 10 of the Dungeon on Mar 17, 2022.
             The game lasted 00:58:35 (11531 turns).

rabbitsville the Spear-Bearer (Merfolk Gladiator)  Turns: 11531, Time: 00:58:36

Health: -20/95     AC: 20    Str: 26    XL:     11   Next: 36%
Magic:  15/15      EV:  8    Int:  7    God:    the Shining One [**....]
Gold:   550        SH: 11    Dex: 15    Spells: 10/10 levels left

rFire   . . .      SeeInvis .   V - +2 spear (vorpal)
rCold   + + .      Faith    .   W - +2 kite shield of Paat {rC+}
rNeg    + . .      Spirit   .   D - +8 chain mail "Tats" {rC+ Will+}
rPois   +          Reflect  .   c - +0 helmet
rElec   .          Harm     .   (no cloak)
rCorr   .          Rampage  .   y - +0 pair of gloves
Will    +....                   j - +0 pair of boots
Stlth   ..........              T - amulet of regeneration
HPRegen 1.05/turn               Q - ring of poison resistance
MPRegen 0.14/turn               G - +6 ring of strength

@: glowing
A: (nimble swimmer 2), mertail
a: Renounce Religion, Divine Shield


You were on level 10 of the Dungeon.
You worshipped the Shining One.
The Shining One was pleased with you.
You visited 2 branches of the dungeon, and saw 11 of its levels.
You also visited: Sewer.

You collected 550 gold pieces.

Inventory:

Hand Weapons
 a - a +0 trident
 V - a +2 vorpal spear (weapon)
Missiles
 d - 2 throwing nets
 H - 7 poisoned darts (quivered)
 R - 4 silver javelins
Armour
 b - a +0 leather armour
 c - a +0 helmet (worn)
 j - a +0 pair of boots (worn)
 w - a +1 robe of willpower
 y - a +0 pair of gloves (worn)
 D - the +8 chain mail "Tats" (worn) {rC+ Will+}
   (You found it on level 2 of the Dungeon)

   rC:        It protects you from cold.
   Will:      It increases your willpower.
 P - a +0 kite shield
 W - the +2 kite shield of Paat (worn) {rC+}
   (You found it on level 10 of the Dungeon)

   rC:        It protects you from cold.
Jewellery
 h - a +4 ring of evasion
 m - a ring of positive energy
 u - a ring of wizardry
 v - a +6 ring of dexterity
 G - a +6 ring of strength (right hand)
 L - a ring of flight
 Q - a ring of poison resistance (left hand)
 T - an amulet of regeneration (around neck)
Wands
 l - a wand of acid (11)
 z - a wand of iceblast (11)
 K - a wand of charming (7)
 U - a wand of polymorph (4)
Scrolls
 e - 2 scrolls of amnesia {unknown}
 f - a scroll of acquirement {unknown}
 k - 3 scrolls of summoning
 p - 2 scrolls of fog
 q - a scroll of magic mapping {unknown}
 r - 4 scrolls of enchant armour
 t - a scroll of blinking {unknown}
 C - 2 scrolls of teleportation
 E - 2 scrolls of vulnerability {unknown}
 I - a scroll of fear {unknown}
 M - 2 scrolls of enchant weapon {unknown}
 N - a scroll of silence {unknown}
 O - 2 scrolls of identify
 S - a scroll of immolation {unknown}
Potions
 g - 3 potions of curing
 i - 2 potions of cancellation
 n - 4 potions of invisibility
 o - 2 potions of brilliance {unknown}
 s - 2 potions of heal wounds {unknown}
 x - 3 potions of lignification
 A - a potion of degeneration {unknown}
 B - 2 potions of mutation {unknown}
 F - a potion of ambrosia {unknown}
 J - a potion of berserk rage {unknown}


   Skills:
 - Level 12.0 Fighting
 - Level 14.0 Polearms
 - Level 2.0 Throwing
 + Level 3.6 Armour
 - Level 4.0 Dodging
 + Level 4.2 Shields
 + Level 6.2 Invocations


You had 10 spell levels left.
You didn't know any spells.
Your spell library contained the following spells:

 Spells                   Type           Power      Damage    Failure   Level
 Static Discharge         Conj/Air       0%         N/A       100%        2
 Gell's Gravitas          Tloc           0%         N/A       100%        3
 Lesser Beckoning         Tloc           0%         N/A       100%        3
 Portal Projectile        Hex/Tloc       0%         N/A       100%        3
 Teleport Other           Tloc           0%         N/A       100%        3
 Dispel Undead            Necr           0%         3d6       100%        4
 Sticky Flame             Conj/Fire      0%         2d3       100%        4
 Blade Hands              Tmut           0%         N/A       100%        5
 Excruciating Wounds      Necr           0%         N/A       100%        5


Dungeon Overview and Level Annotations

Branches:
Dungeon (10/15)            Temple (1/1) D:5            Lair (0/6) D:10
  Sewer (visited)
    Orc: D:9-12

Altars:
Ashenzari
Cheibriados
Elyvilon
Gozag
Kikubaaqudgha
Makhleb
Nemelex Xobeh
Okawaru
Qazlal
Ru
Sif Muna
Trog
Vehumet
Wu Jian
Xom
Yredelemnul
Zin
The Shining One

Shops:
D:5 *(?*(

Annotations:
D:2 1 runed translucent door, Crazy Yiuf
D:8 Gastronok


Innate Abilities, Weirdness & Mutations

((You are very nimble when in or above water. (Stealth+, EV+, Speed+++)))
Your lower body shifts to a powerful aquatic tail in water.


Message History

The fire dragon is severely wounded.
The fire dragon bites you!
The fire dragon claws you but does no damage.
The fire dragon tramples you but does no damage.
You hit the fire dragon but do no damage.
The fire dragon is severely wounded.
The fire dragon breathes flames at you. The blast of flame hits you!
You hit the fire dragon but do no damage.
The fire dragon is severely wounded.
You hit the fire dragon but do no damage.
The fire dragon is severely wounded.
The fire dragon bites you but does no damage.
The fire dragon closely misses you.
The fire dragon tramples you but does no damage.
You hit the fire dragon.
The fire dragon is severely wounded.
The fire dragon bites you. The fire dragon claws you.
The fire dragon tramples you.
You stumble backwards!
You hit the fire dragon.
The fire dragon is severely wounded.
You hit the fire dragon.
The fire dragon is severely wounded.
The fire dragon bites you.
* * * LOW HITPOINT WARNING * * *
The fire dragon claws you but does no damage.
You block the fire dragon's attack.
You puncture the fire dragon!
The fire dragon is almost dead.
You hit the fire dragon but do no damage.
The fire dragon is almost dead.
You block the fire dragon's attack.
The fire dragon claws you but does no damage.
The fire dragon tramples you but does no damage.
You hit the fire dragon but do no damage.
The fire dragon is almost dead.
The fire dragon breathes flames at you. The blast of flame hits you!!!
Ouch! That really hurt!
You die...

#...#####......... #...#
#.....#... #>..#
#....###.. ######...#
#...#####.
#.#......#####..#######
#...............#####.
##...............###..
##...............#.[.
#...@................
##>..D................
###>#...................
#>.#....(...............
#.##...(....... ........
##.#........... ...#...
##.##......... ..###..
##...(....... ####.
#....(..###.. ##


You could see a fire dragon (catching breath).

Vanquished Creatures
  Erica (D:8)
  A centaur warrior (D:8)
  2 two-headed ogres
  Pikel (D:8)
  A gargoyle (D:10)
  A komodo dragon (D:10)
  A troll (D:10)
  5 yaks (D:10)
  A wyvern (D:9)
  A vampire (D:9)
  A wraith (D:10)
  Menkaure (D:5)
  4 steam dragons
  3 water moccasins
  An ice beast (D:8)
  3 sky beasts
  An orc warrior (D:8)
  A black bear (D:7)
  An ogre (D:6)
  4 centaurs
  4 kobold brigands
  2 phantoms (D:5)
  2 necrophages
  A bullfrog (D:5)
  6 scorpions
  3 wights (D:9)
  4 killer bees (D:9)
  2 howler monkeys (D:9)
  3 hounds
  An iguana (D:5)
  Jessica (D:3)
  Ijyb (D:3)
  5 orc wizards
  Natasha (thrice) (D:3)
  4 gnolls (D:4)
  14 adders
  6 river rats (Sewer)
  3 white imps
  An ufetubus (D:7)
  3 worms
  5 dart slugs
  17 orcs
  13 ball pythons
  6 endoplasms
  5 giant cockroaches
  13 goblins
  4 hobgoblins
  5 jackals (Sewer)
  27 kobolds
  4 quokkas
  6 bats
  7 frilled lizards
  4 rats (Sewer)
220 creatures vanquished.

Vanquished Creatures (others)
  24 plants (Sewer)
24 creatures vanquished.

Grand Total: 244 creatures vanquished

Notes
Turn   | Place    | Note
-------+----------+-------------------------------------------
     0 | D:1      | rabbitsville the Merfolk Gladiator began the quest for the
                  | Orb.
     0 | D:1      | Reached XP level 1. HP: 16/16 MP: 1/1
   270 | D:1      | Reached XP level 2. HP: 23/23 MP: 2/2
  1011 | D:1      | Reached skill level 5 in Polearms
  1028 | D:2      | Reached XP level 3. HP: 14/28 MP: 3/3
  1273 | D:2      | Found a runed translucent door.
  1274 | D:2      | Noticed Crazy Yiuf
  1394 | D:2      | Noticed Ijyb
  1621 | D:3      | Reached XP level 4. HP: 26/35 MP: 4/4
  1622 | D:3      | Found a glowing drain.
  1645 | Sewer    | Entered a sewer
  1869 | Sewer    | Reached skill level 6 in Polearms
  2157 | Sewer    | Reached XP level 5. HP: 29/41 MP: 5/5
  2752 | Sewer    | Reached skill level 7 in Polearms
  3349 | D:3      | Noticed Natasha
  3377 | D:3      | Killed Natasha
  3605 | D:3      | Found a glowing golden altar of the Shining One.
  3609 | D:3      | Noticed an angel
  3614 | D:3      | Became a worshipper of the Shining One
  3628 | D:3      | Noticed Natasha
  3636 | D:3      | Killed Natasha
  3637 | D:3      | Reached XP level 6. HP: 22/48 MP: 6/6
  3795 | D:3      | Found a basalt altar of Yredelemnul.
  3797 | D:3      | Noticed a profane servitor
  3893 | D:3      | Noticed Jessica
  3898 | D:3      | Killed Jessica
  3903 | D:3      | Noticed Natasha
  3908 | D:3      | Killed Natasha
  4091 | D:3      | Killed Ijyb
  4565 | D:2      | Identified the +8 chain mail "Tats" {rC+ Will+}
  4817 | D:4      | Reached skill level 8 in Polearms
  4869 | D:4      | Reached skill level 5 in Fighting
  4935 | D:4      | Reached skill level 1 in Invocations
  4935 | D:4      | Reached XP level 7. HP: 50/56 MP: 7/7
  6071 | D:5      | Entered Level 5 of the Dungeon
  6082 | D:5      | Reached skill level 9 in Polearms
  6114 | D:5      | Found Haxteagg's Assorted Antiques.
  6133 | D:5      | Reached XP level 8. HP: 57/64 MP: 10/10
  6182 | D:5      | Found Copt's Weapon Boutique.
  6202 | D:5      | Found Mygusk's Magic Scroll Shop.
  6240 | D:5      | Reached * piety under the Shining One
  6271 | D:5      | Reached skill level 10 in Polearms
  6316 | D:5      | Found Pidapaoda's General Store.
  6349 | D:5      | Noticed Menkaure
  6361 | D:5      | Killed Menkaure
  6862 | D:5      | Found Pipoit's Weapon Shoppe.
  6924 | D:5      | Found a staircase to the Ecumenical Temple.
  6934 | Temple   | Entered the Ecumenical Temple
  7392 | D:6      | Reached skill level 11 in Polearms
  7467 | D:6      | Found a shimmering blue altar of Sif Muna.
  7540 | D:6      | Found a broken altar of Ashenzari.
  7718 | D:6      | Reached XP level 9. HP: 72/72 MP: 11/11
  8090 | D:7      | Reached skill level 12 in Polearms
  8099 | D:7      | Found a sparkling altar of Nemelex Xobeh.
  9086 | D:8      | Reached skill level 13 in Polearms
  9336 | D:8      | Noticed Erica
  9347 | D:8      | Noticed Pikel
  9406 | D:8      | Killed Pikel
  9407 | D:8      | Reached skill level 14 in Polearms
  9494 | D:8      | Noticed Gastronok
  9605 | D:8      | Noticed a centaur warrior
  9606 | D:8      | Found the +6 shillelagh "Devastator" {shatter}
  9621 | D:8      | Killed a centaur warrior
  9622 | D:8      | Reached skill level 10 in Fighting
  9622 | D:8      | Reached XP level 10. HP: 25/86 MP: 12/12
 10124 | D:8      | Killed Erica
 10505 | D:9      | Noticed a two-headed ogre
 10505 | D:9      | You fall into a shaft and drop 1 floor!
 10505 | D:10     | Entered Level 10 of the Dungeon
 10575 | D:10     | Reached skill level 1 in Armour
 10581 | D:10     | Noticed a gargoyle
 10711 | D:9      | Reached skill level 1 in Shields
 10878 | D:9      | Reached ** piety under the Shining One
 11234 | D:9      | Killed a two-headed ogre
 11235 | D:9      | Reached skill level 5 in Invocations
 11235 | D:9      | Reached XP level 11. HP: 74/95 MP: 14/14
 11320 | D:10     | Noticed a two-headed ogre
 11334 | D:10     | Killed a two-headed ogre
 11347 | D:10     | Identified the +2 kite shield of Paat {rC+}
 11499 | D:10     | Found a staircase to the Lair.
 11500 | D:10     | Noticed a fire dragon
 11531 | D:10     | Killed from afar by a fire dragon

Illustrated notes

Levels and vault maps discovered:
D:1:      roderic_dead_forest, layout_basic
D:2:      kennysheep_the_goblin_king, layout_loops_ring, uniq_crazy_yiuf_cottage
D:3:      layout_loops_ring, grunt_temple_overflow_holy_war,
          cheibrodos_sewer_entry_drain, uniq_jessica, uniq_natasha
D:4:      layout_basic
D:5:      layout_layer_cave, minmay_temple_entry_mini_moons, serial_shops,
          shop_statue, nicolae_shop_stone, nicolae_shop_crystal,
          nicolae_square_shop, kennysheep_little_box, small_statue_intersection,
          uniq_menkaure
D:6:      layout_loops_ring, mainiacjoe_overflow_paths, lemuel_crystal_altar,
          palyth_stone_intersect
D:7:      layout_rooms, kennysheep_mini, grunt_ministairs_10, dk_noncrumbling_3,
          nicolae_figureground_sparkle
D:8:      layout_layer_cave, minmay_fractal_squares_gapless_5, uniq_erica,
          uniq_gastronok, uniq_pikel
D:9:      layout_basic
D:10:     layout_big_octagon, nicolae_overflow_quartered_altars,
          minmay_lair_entry_lava
Temple:   dshaligram_water_room_temple

Skill      XL: |  1  2  3  4  5  6  7  8  9 10 11 |
---------------+----------------------------------+-----
Polearms       | 5 6 7 8 9 11 14 | 14.0
Fighting       | 3 4 5 6 7 10 12 | 12.0
Invocations    | 1 3 5 6 |  6.2
Armour         | 2 3 |  3.6
Shields        | 3 4 |  4.2
Throwing       | |  2.0
Dodging        | |  4.0

Action                   |  1- 3 |  4- 6 |  7- 9 | 10-12 || total
-------------------------+-------+-------+-------+-------++-------
Melee: Trident           |    74 |   332 |   369 |   182 ||   957
       Punch             |     1 |       |    10 |     2 ||    13
       Tailslap          |       |     7 |       |       ||     7
       Spear             |       |       |       |   129 ||   129
Throw: Javelin           |     1 |     3 |     5 |     1 ||    10
       Dart              |       |       |     6 |     9 ||    15
       Throwing net      |       |       |     1 |       ||     1
  Use: Scroll            |       |       |     7 |       ||     7
       Potion            |       |       |     2 |       ||     2
 Stab: Sleeping          |     4 |     1 |       |       ||     5
Armor: Leather armour    |    12 |    14 |       |       ||    26
       Chain mail        |       |    18 |   133 |    84 ||   235
       Robe              |       |    17 |       |       ||    17
       Skin              |       |       |     4 |       ||     4
Dodge: Dodged            |    33 |   191 |   174 |    83 ||   481
Block: Kite shield       |       |       |       |    32 ||    32

Table legend: (Time is in decaauts)
 A = Elapsed time spent in this place.
 B = Non-inter-level travel time spent in this place.
 C = Inter-level travel time spent in this place.
 D = Time resting spent in this place.
 E = Time spent auto-exploring this place.
 F = Levels seen in this place.
 G = Mean time per level.
                   A        B        C        D        E       F      G
               +--------+--------+--------+--------+--------+-----+--------+
         Total |  11171 |  10801 |    370 |   1877 |   3933 |  12 |  930.9 |
       Dungeon |   9936 |   9566 |    370 |   1429 |   3689 |  10 |  993.6 |
        Temple |    119 |    119 |      0 |      0 |     58 |   1 |  119.0 |
         Sewer |   1115 |   1115 |      0 |    448 |    185 |   1 | 1115.0 |
               +--------+--------+--------+--------+--------+-----+--------+

Top non-repeatable levels by time:
     D:8: 1484 daAuts
     D:3: 1434 daAuts
     D:4: 1338 daAuts
   Sewer: 1115 daAuts
     D:2: 1031 daAuts
     D:1: 1017 daAuts
     D:5: 933 daAuts
     D:6: 891 daAuts
     D:9: 809 daAuts
     D:7: 695 daAuts
    D:10: 301 daAuts
  Temple: 119 daAuts
